Map: Eternal Empire LE

Players

Cronosphere - Winner!

  • Race: Protoss Protoss
  • League: Platinum
  • Spawn Location: 1:00

antagomiR

  • Race: Protoss Protoss
  • League: Gold
  • Spawn Location: 7:00

VOD

Have the link to the VOD?

Description

Time

  • Played on: April 11, 2020, 6:43 p.m.
  • Length: 14:13
Show
View Real Time Build Order
Export as new Build Order

Cronosphere Protoss - Winner!

Build Orders: Oracle Opening 

Get SALT Encoding   

  12  0:01  Probe (Chrono Boost)  
  13  0:10  Probe (Chrono Boost)  
  14  0:19  Pylon  
  14  0:25  Probe  
  15  0:38  Probe  
  15  0:39  Gateway  
  16  0:44  Assimilator  
  16  0:50  Probe  
  17  1:02  Probe (Chrono Boost)  
  18  1:04  Gateway  
  18  1:14  Probe (Chrono Boost)  
  19  1:20  Probe (Chrono Boost)  
  19  1:25  Pylon  
  20  1:34  Zealot  
  22  1:54  Nexus  
  22  2:06  Cybernetics Core  
  22  2:13  Probe (Chrono Boost)  
  24  2:23  Probe (Chrono Boost)  
  24  2:25  Gateway  
  24  2:32  Probe, Pylon  
  25  2:40  Warp Gate (Chrono Boost)  
  25  2:45  Probe  
  25  2:47  Stargate  
  26  2:57  Probe  
  27  3:09  Probe  
  27  3:11  Probe  
  29  3:21  Probe  
  29  3:23  Probe  
  31  3:33  Probe  
  32  3:46  Oracle  
  32  4:19  Stalker x2  
  32  4:22  Zealot  
  38  4:31  Pylon  
  38  4:45  Pylon  
  38  4:47  Pylon  
  38  4:50  Gateway  
  38  4:52  Assimilator  
  38  5:22  Stalker  
  38  5:23  Zealot  
  38  5:24  Zealot  
  44  5:33  Gateway  
  44  5:36  Gateway  
  44  5:49  Probe x2 (Chrono Boost)  
  46  5:59  Probe x2 (Chrono Boost)  
  50  6:11  Probe (Chrono Boost)  
  50  6:12  Probe (Chrono Boost)  
  50  6:17  Pylon  
  50  6:21  Probe x2 (Chrono Boost), Gateway  
  50  6:22  Gateway, Twilight Council  
  50  6:24  Oracle (Chrono Boost)  
  55  6:35  Nexus  
  55  6:39  Pylon  
  55  6:41  Assimilator  
  55  6:42  Probe (Chrono Boost), Assimilator  
  55  6:44  Assimilator  
  57  6:47  Probe (Chrono Boost)  
  57  6:48  Pylon  
  57  6:50  Stalker x2  
  57  6:51  Probe (Chrono Boost)  
  63  6:55  Probe (Chrono Boost)  
  63  6:56  Probe (Chrono Boost)  
  63  6:57  Zealot  
  63  6:58  Zealot x2  
  63  7:00  Zealot  
  71  7:06  Probe  
  72  7:16  Oracle  
  65  7:37  Probe  
  65  7:38  Probe  
  68  7:51  Probe x2 (Chrono Boost)  
  68  7:52  Probe (Chrono Boost)  
  69  8:03  Oracle (Chrono Boost)  
  69  8:04  Probe (Chrono Boost)  
  69  8:07  Probe x2 (Chrono Boost)  
  69  8:09  Probe (Chrono Boost)  
  69  8:12  Stargate  
  73  8:16  Probe (Chrono Boost)  
  73  8:19  Probe (Chrono Boost)  
  75  8:25  Probe (Chrono Boost)  
  77  8:29  Probe (Chrono Boost)  
  77  8:30  Probe (Chrono Boost)  
  77  8:33  Probe (Chrono Boost)  
  79  8:38  Probe  
  80  8:47  Stalker  
  80  8:48  Stalker x5  
  85  8:51  Blink (Chrono Boost)  
  89  9:00  Forge  
  89  9:13  Gateway  
  89  9:14  Probe (Chrono Boost), Gateway  
  92  9:19  Probe x2 (Chrono Boost)  
  92  9:24  Probe (Chrono Boost)  
  93  9:27  Probe x2 (Chrono Boost)  
  93  9:28  Probe (Chrono Boost)  
  93  9:30  Pylon  
  93  9:31  Pylon  
  93  9:34  Protoss Ground Weapons Level 1 (Chrono Boost)  
  93  9:38  Probe  
  92  9:41  Stalker x5  
  92  9:42  Stalker x3  
  108  9:55  Oracle (Chrono Boost)  
  112  10:05  Oracle (Chrono Boost)  
  112  10:06  Assimilator  
  112  10:24  Stalker x4  
  112  10:25  Stalker x2  
  124  10:35  Nexus  
  124  10:40  Pylon  
  121  11:09  Robotics Facility  
  121  11:12  Probe x2 (Chrono Boost), Assimilator  
  121  11:13  Probe (Chrono Boost)  
  121  11:16  Assimilator  
  124  11:19  Pylon  
  124  11:21  Pylon  
  124  11:24  Probe (Chrono Boost), Pylon  
  127  11:30  Probe x2 (Chrono Boost)  
  127  11:32  Probe (Chrono Boost)  
  128  11:34  Charge (Chrono Boost)  
  128  11:35  Forge  
  128  11:36  Probe x2 (Chrono Boost), Protoss Ground Armor Level 1 (Chrono Boost)  
  128  11:38  Probe  
  131  11:42  Stalker x3  
  131  11:43  Stalker x4  
  131  11:44  Stalker  
  147  11:47  Stalker  
  147  11:48  Probe x2  
  147  11:50  Probe  
  152  12:00  Probe x2  
  146  12:43  Probe (Chrono Boost)  
  147  12:51  Immortal (Chrono Boost)  
  147  12:53  Probe (Chrono Boost)  
  147  12:58  Probe (Chrono Boost)  
  152  13:03  Robotics Facility  
  153  13:09  Probe  
  154  13:17  Observer  
  154  13:18  Oracle x2 (Chrono Boost)  
  154  13:21  Probe  
  162  14:03  Pylon  
  162  14:05  Pylon  
  162  14:06  Pylon  
Show
View Real Time Build Order
Export as new Build Order

antagomiR Protoss 

Build Orders: Blink Stalkers 

Get SALT Encoding   

  12  0:01  Probe  
  13  0:13  Probe  
  14  0:19  Pylon  
  14  0:26  Probe  
  15  0:40  Probe, Gateway  
  16  0:52  Probe  
  17  0:58  Assimilator  
  17  1:04  Probe  
  18  1:12  Assimilator  
  18  1:16  Probe  
  19  1:29  Cybernetics Core  
  19  1:41  Probe  
  20  1:48  Pylon  
  20  1:55  Probe  
  20  1:59  Warp Gate (Chrono Boost)  
  21  2:05  Stalker (Chrono Boost)  
  23  2:13  Probe  
  24  2:21  Twilight Council  
  24  2:25  Probe  
  25  2:33  Pylon  
  25  2:38  Stalker  
  25  2:40  Probe  
  28  2:52  Probe  
  28  2:57  Nexus  
  29  3:04  Probe  
  30  3:16  Probe  
  30  3:18  Blink  
  31  3:28  Probe  
  31  3:30  Gateway  
  32  3:40  Probe  
  33  3:44  Pylon  
  33  3:52  Probe  
  34  4:06  Probe  
  35  4:12  Pylon  
  35  4:19  Probe, Gateway  
  36  4:31  Probe  
  37  4:33  Stalker x2  
  41  4:43  Probe  
  40  4:47  Probe  
  41  4:55  Probe  
  41  4:57  Stalker x2  
  47  5:00  Probe  
  39  5:25  Stalker x3  
  36  5:38  Probe x2  
  36  5:49  Stalker  
  38  5:50  Probe x2  
  40  6:02  Probe x2  
  42  6:14  Probe x2  
  42  6:15  Shield Battery  
  44  6:20  Stalker  
  46  6:26  Probe x2  
  46  6:30  Stalker  
  50  6:40  Probe x2  
  52  6:52  Probe x2  
  47  7:33  Stalker x2  
  47  7:34  Stalker  
  37  8:07  Probe x2  
  39  8:19  Probe x2  
  41  8:30  Nexus  
  41  8:31  Probe x2, Pylon  
  43  8:34  Pylon  
  43  8:35  Stalker  
  43  8:36  Assimilator  
  43  8:43  Probe x2  
  45  8:55  Probe  
  45  8:56  Probe, Pylon  
  47  9:08  Probe x2  
  49  9:17  Pylon  
  49  9:20  Probe x2  
  49  9:32  Probe x2  
  49  9:44  Probe x2  
  49  9:47  Probe  
  48  9:56  Probe x2  
  48  9:59  Probe  
  51  10:00  Shield Battery  
  51  10:03  Shield Battery  
  51  10:07  Templar Archives  
  51  10:08  Probe x2  
  51  10:12  Probe (Chrono Boost)  
  54  10:20  Probe (Chrono Boost), Forge  
  56  10:26  Probe (Chrono Boost)  
  57  10:29  Probe (Chrono Boost)  
  57  10:30  Probe (Chrono Boost)  
  57  10:34  Probe (Chrono Boost)  
  57  10:35  Probe x2 (Chrono Boost)  
  61  11:01  Probe x3  
  63  11:13  Probe x3  
  66  11:19  Photon Cannon  
  66  11:20  Photon Cannon  
  66  11:23  Photon Cannon  
  66  11:25  Probe x2  
  67  11:42  Assimilator  
  67  11:43  Sentry x3  
  67  11:45  Assimilator  
  73  11:51  Assimilator  
  73  12:14  Stalker x3  
  59  12:43  Probe x2  
  61  12:50  High Templar x2, Nexus  
  61  12:51  High Templar  
  67  12:54  Pylon  
  67  12:55  Probe x2  
  69  13:05  Gateway  
  69  13:06  Gateway  
  69  13:07  Probe x2  
  69  13:09  Gateway  
  69  13:12  Gateway  
  71  13:13  Gateway  
  71  13:14  Archon  
  71  13:19  Probe x2  
  73  13:25  High Templar x3  
  79  13:29  Archon  
  79  13:31  Probe x2, Archon  
  81  13:43  Probe x2  
  76  13:55  Probe x2  
Tags
 
Composition
Blink Stalkers
Matchup
PvP
Replay Pack
20200422
Spawn Locations
Cross Positions
Add a new tag
Caveats
  • Supply blocks, unpowered buildings, or Contaminate may cause inaccurate times.
  • Supply counts are checked every 10 seconds.